Map: Fear and Faith LE

Players

Reynor - Winner!

  • Race: Zerg Zerg
  • League: Master
  • Spawn Location: 1:00

Jumy (ForJumy)

  • Race: Protoss Protoss
  • League: Master
  • Spawn Location: 11:00

VOD

Have the link to the VOD?

Description

Time

  • Played on: July 3, 2026, 9:31 a.m.
  • Length: 4:21
Show
View Real Time Build Order
Export as new Build Order

Reynor Zerg - Winner!

Build Orders: Hatch First 

Get SALT Encoding   

  8  0:00  Drone  
  9  0:10  Drone  
  10  0:16  Drone  
  11  0:27  Overlord  
  11  0:33  Drone  
  12  0:45  Drone x2  
  14  0:50  Drone  
  15  1:00  Drone  
  16  1:14  Hatchery  
  16  1:18  Drone  
  16  1:21  Drone  
  17  1:30  Drone  
  18  1:36  Extractor  
  17  1:40  Spawning Pool  
  17  1:42  Drone  
  17  1:50  Drone  
  18  2:00  Drone  
  19  2:09  Overlord  
  19  2:21  Drone  
  20  2:26  Queen  
  20  2:27  Queen, Zergling x2  
  20  2:29  Drone  
  26  2:36  Drone  
  27  2:39  Drone  
  27  2:41  Metabolic Boost  
  28  2:46  Overlord  
  28  2:50  Zergling x2  
  29  2:57  Zergling x2  
  30  2:59  Drone  
  31  3:09  Hatchery  
  31  3:12  Drone  
  31  3:13  Drone  
  31  3:16  Drone  
  33  3:21  Zergling x2  
  34  3:28  Zergling x2  
  34  3:31  Spine Crawler  
  33  3:34  Zergling x6  
  33  3:37  Zergling x8  
  39  3:55  Zergling x6  
Show
View Real Time Build Order
Export as new Build Order

Jumy Protoss 

Build Orders:  

Get SALT Encoding   

  8  0:00  Probe  
  9  0:12  Probe  
  10  0:26  Probe  
  11  0:30  Pylon  
  11  0:38  Probe  
  12  0:50  Probe  
  13  0:57  Gateway  
  13  1:10  Gateway  
  13  1:23  Gateway  
  13  1:29  Probe  
  14  1:41  Probe  
  17  1:51  Pylon, Zealot (Chrono Boost)  
  17  1:58  Zealot (Chrono Boost)  
  19  2:13  Zealot (Chrono Boost)  
  23  2:20  Zealot (Chrono Boost)  
  25  2:26  Zealot (Chrono Boost)  
  25  2:28  Pylon  
  25  2:30  Zealot (Chrono Boost)  
  27  2:43  Zealot (Chrono Boost)  
  29  2:48  Zealot  
  31  2:55  Zealot  
  33  3:05  Pylon  
  33  3:09  Zealot  
  35  3:18  Pylon  
  35  3:36  Zealot (Chrono Boost)  
  35  3:39  Zealot (Chrono Boost)  
  39  3:46  Zealot (Chrono Boost)  
Tags
 
Matchup
PvZ
Replay Pack
hsc29
Spawn Locations
Close Positions
Add a new tag
Caveats
  • Supply blocks, unpowered buildings, or Contaminate may cause inaccurate times.
  • Supply counts are checked every 10 seconds.